 Dungeon Crawl Stone Soup version 0.28-a0-687-gb91baff (webtiles) character file.

Game seed: 18340551502786419640

37171 NeededCrab the Brawler (level 13, -3/117 HPs)
             Began as a Troll Fighter on Oct 19, 2021.
             Was a High Priest of Makhleb.
             Slain by a seven-headed hydra (11 damage)
             ... on level 4 of the Lair of Beasts.
             The game lasted 00:42:12 (12442 turns).

NeededCrab the Brawler (Troll Fighter)             Turns: 12442, Time: 00:42:13

Health: -3/117     AC: 16    Str: 27    XL:     13   Next: 57%
Magic:  17/17      EV:  9    Int:  8    God:    Makhleb [*****.]
Gold:   441        SH:  9    Dex:  9    Spells: 12/12 levels left

rFire   . . .      SeeInvis .     - Unarmed
rCold   . . .      Faith    +   b - +0 kite shield
rNeg    . . .      Spirit   .   C - +0 swamp dragon scales
rPois   +          Reflect  .   (helmet restricted)
rElec   .          Harm     .   k - +0 cloak
rCorr   .          Rampage  .   (gloves unavailable)
Will    +....                   (boots unavailable)
Stlth   ..........              w - amulet of faith
HPRegen 1.29/turn               q - +4 ring of protection
MPRegen 0.15/turn               N - ring of willpower

@: slowed, very slow
A: large, unfitting armour, claws 3, regeneration 1, shaggy fur 1, tough skin 1
a: Renounce Religion, Minor Destruction, Lesser Servant of Makhleb, Major
Destruction, Greater Servant of Makhleb


You were on level 4 of the Lair of Beasts.
You worshipped Makhleb.
Makhleb was extremely pleased with you.
You visited 3 branches of the dungeon, and saw 16 of its levels.
You also visited: Sewer and Volcano.

You collected 881 gold pieces.
You spent 440 gold pieces at shops.

Inventory:

Missiles
 p - 5 curare-tipped darts (quivered)
 O - 4 javelins
Armour
 b - a +0 kite shield (worn)
 k - a +0 cloak (worn)
 r - a +0 troll leather armour {Purgy}
 C - +0 swamp dragon scales (worn)
Jewellery
 d - a +6 ring of intelligence
 g - a ring of protection from fire
 q - a +4 ring of protection (left claw)
 v - a ring of protection from cold
 w - an amulet of faith (around neck)
 z - a ring of poison resistance
 A - an amulet of the acrobat
 N - a ring of willpower (right claw)
Wands
 a - a wand of acid (8)
 u - a wand of paralysis (16)
 B - a wand of iceblast (24)
 F - a wand of polymorph (7)
 L - a wand of mindburst (13)
Scrolls
 f - 6 scrolls of teleportation
 h - 3 scrolls of immolation
 l - 2 scrolls of enchant weapon
 x - 3 scrolls of magic mapping
 y - 5 scrolls of fog
 H - 4 scrolls of amnesia
Potions
 c - 6 potions of might
 e - 3 potions of lignification
 i - 5 potions of haste
 j - a potion of ambrosia {unknown}
 m - 2 potions of flight {unknown}
 n - a potion of degeneration {unknown}
 o - 4 potions of heal wounds
 s - 2 potions of brilliance
 t - 3 potions of berserk rage
 D - 4 potions of mutation
 E - 6 potions of curing
 K - 2 potions of magic {unknown}
 M - a potion of resistance {unknown}
 P - a potion of cancellation {unknown}
Miscellaneous
 I - a phantom mirror
 Q - a condenser vane


   Skills:
 + Level 4.9 Fighting
 + Level 6.4 Throwing
 - Level 7.1 Armour
 - Level 2.4 Dodging
 - Level 9.0 Shields
 * Level 16.0 Unarmed Combat
 + Level 6.9 Invocations


You had 12 spell levels left.
You didn't know any spells.
Your spell library contained the following spells:

 Spells                   Type           Power      Damage    Failure   Level
 Summon Small Mammal      Summ           0%         N/A       52%         1
 Call Canine Familiar     Summ           0%         N/A       88%         3
 Summon Guardian Golem    Hex/Summ       0%         N/A       88%         3
 Animate Armour           Summ/Erth      0%         N/A       99%         4
 Blade Hands              Tmut           0%         N/A       100%        5
 Iron Shot                Conj/Erth      0%         9d1       100%        6
 Orb of Destruction       Conj           0%         N/A       100%        7
 Spellforged Servitor     Conj/Summ      0%         N/A       100%        7


Dungeon Overview and Level Annotations

Branches:
Dungeon (11/15)            Temple (1/1) D:7            Lair (4/6) D:8
 Shoals (0/4) Lair:3       Spider (0/4) Lair:2          Orc (0/2) D:10
  Sewer (visited)         Volcano (visited)

Altars:
Ashenzari
Cheibriados
Dithmenos
Elyvilon
Fedhas
Gozag
Hepliaklqana
Kikubaaqudgha
Makhleb
Nemelex Xobeh
Okawaru
Qazlal
Ru
Sif Muna
Trog
Uskayaw
Vehumet
Wu Jian
Xom
Yredelemnul
Zin
The Shining One

Shops:
D:7 (   D:8 :==

Annotations:
D:9 3 runed translucent doors, Caerwyn's ghost, novice TrMo
D:10 exclusion: ice statue
Lair:3 3 runed translucent doors, Igger's ghost, journeyman SpVM
Lair:4 exclusion: oklob plant


Innate Abilities, Weirdness & Mutations

You are too large for most types of armour.
You have claws for hands.
Your natural rate of healing is unusually fast.
You are covered in fur. (AC +1)
You have tough skin. (AC +1)


Message History

The seven-headed hydra bites you but does no damage.
The seven-headed hydra bites you!
* * * LOW HITPOINT WARNING * * *
You block the seven-headed hydra's attack.
The seven-headed hydra bites you.
* * * LOW HITPOINT WARNING * * *
The seven-headed hydra closely misses you.
The seven-headed hydra bites you but does no damage.
Okay, then.
As you read the scroll of fear, it crumbles to dust.
You assume a fearsome visage.
The rime drake looks frightened!
The seven-headed hydra easily resists.
The dream sheep looks frightened!
The dream sheep bleats in terror.
The boulder beetle looks frightened!
The torpor snail looks frightened!
The boulder beetle leaps!
The seven-headed hydra bites you but does no damage. x3
You block the seven-headed hydra's attack.
The seven-headed hydra barely misses you.
The seven-headed hydra bites you but does no damage.
The seven-headed hydra bites you!
* * * LOW HITPOINT WARNING * * *
You feel much better.
The seven-headed hydra bites you but does no damage.
The seven-headed hydra bites you!
* * * LOW HITPOINT WARNING * * *
The seven-headed hydra bites you.
* * * LOW HITPOINT WARNING * * *
The seven-headed hydra misses you.
The seven-headed hydra bites you but does no damage. x2
The seven-headed hydra bites you.
* * * LOW HITPOINT WARNING * * *
The seven-headed hydra completely misses you.
The seven-headed hydra bites you.
* * * LOW HITPOINT WARNING * * *
You block the seven-headed hydra's attack.
The seven-headed hydra bites you.
* * * LOW HITPOINT WARNING * * *
The seven-headed hydra barely misses you.
The seven-headed hydra bites you!
You die...

......# P ♣♣♣♣..♣♣
♣♣. ......# ≈♣#
♣♣.(♣♣..♣♣ ♣♣
..[...# ♣≈#
♣♣.B..♣♣..♣♣ ♣♣.
......#♣♣♣♣≈#
♣♣.(♣♣♣k♣♣..♣♣ ♣♣.♣
......#♣≈♣♣≈#♣♣..♣♣
.♣♣..♣#♣.♣♣
......#≈≈≈P≈#♣w.♣♣
w♣♣..#♣♣.♣
........≈P≈...÷.♣♣
♣♣....♣..
......#♣≈♣♣♣#♣♣.D♣♣
#♣..♣#.♣..
..#...#♣♣≈P♣ ♣♣@.♣♣
#♣.^♣♣#.♣♣♣ ......#
♣P≈♣# ♣♣..♣♣♣♣..♣♣
#♣.♣♣ ......# ♣♣♣≈#
♣♣..♣♣..♣♣ ♣♣..
......#♣♣P≈♣#
♣♣....♣♣ ♣.♣
......#≈≈≈P♣ ♣♣..♣♣
♣.♣♣ ......#♣♣.♣♣
♣.♣♣ ♣♣ . ### #.# .
♣.♣ . ♣.♣


You could see a seven-headed hydra and a torpor snail (fleeing).

Vanquished Creatures
  A catoblepas (Lair:3)
  A hydra (Lair:2)
  5 two-headed ogres
  Urug (Lair:3)
  3 lindwurms (Volcano)
  A cyclops (D:11)
  Maurice (D:9)
  A molten gargoyle (Lair:3)
  12 elephants
  A torpor snail (Lair:4)
  5 black mambas
  A smoke demon (Volcano)
  Maggie (D:7)
  7 cane toads
  5 komodo dragons
  2 tengu conjurers (D:10)
  2 rime drakes
  2 trolls
  A polar bear (Lair:3)
  10 blink frogs
  A hornet (D:10)
  A tarantella (Lair:2)
  3 wyverns
  A basilisk (Lair:1)
  40 yaks
  6 steam dragons
  An acid dragon (D:10)
  12 water moccasins
  Duvessa (D:7)
  2 hell hounds (Volcano)
  Purgy (Sewer)
  2 sky beasts
  2 ice beasts (D:6)
  5 black bears
  5 orc warriors
  2 necrophages
  5 ogres
  4 wolves (Lair:1)
  15 centaurs
  2 phantoms
  A kobold brigand (D:11)
  A gnoll sergeant (D:8)
  12 bullfrogs
  A scorpion (D:7)
  Dowan (D:7)
  2 water moccasin skeletons
  3 killer bees (D:7)
  An electric eel (Lair:3)
  3 centaur zombies
  3 centaur skeletons
  5 hounds
  5 orc priests
  3 iguanas
  10 orc wizards
  A killer bee zombie (D:7)
  Robin (D:2)
  A howler monkey zombie (D:5)
  5 adders
  7 gnolls
  A shadow imp (D:6)
  A white imp (D:7)
  An adder skeleton (D:2)
  A worm (D:2)
  2 dart slugs
  32 orcs
  13 bats
  6 endoplasms
  12 giant cockroaches
  13 goblins
  11 hobgoblins
  8 jackals
  10 quokkas
  9 ball pythons
  8 frilled lizards
  15 kobolds
  2 rats (D:1)
385 creatures vanquished.

Vanquished Creatures (collateral kills)
  A fire dragon (Volcano)
  A hydra (Lair:3)
2 creatures vanquished.

Vanquished Creatures (others)
  An orc wizard (D:11)
  A fire vortex (Lair:3)
  7 fungi
  29 plants
38 creatures vanquished.

Grand Total: 425 creatures vanquished

Notes
Turn   | Place    | Note
-------+----------+-------------------------------------------
     0 | D:1      | NeededCrab the Troll Fighter began the quest for the Orb.
     0 | D:1      | Reached XP level 1. HP: 22/22 MP: 0/0
   145 | D:1      | Reached XP level 2. HP: 29/29 MP: 1/1
   416 | D:1      | Reached skill level 3 in Unarmed Combat
   763 | D:2      | Reached XP level 3. HP: 36/36 MP: 2/2
   889 | D:2      | Noticed Robin
   902 | D:2      | Killed Robin
   903 | D:2      | Reached XP level 4. HP: 24/44 MP: 3/3
  1159 | D:2      | Reached skill level 4 in Unarmed Combat
  1640 | D:3      | Reached XP level 5. HP: 48/50 MP: 4/4
  1735 | D:3      | Reached skill level 1 in Throwing
  1735 | D:3      | Reached skill level 5 in Unarmed Combat
  1912 | D:4      | Noticed a black bear
  1918 | D:4      | Killed a black bear
  1919 | D:4      | Reached XP level 6. HP: 49/59 MP: 5/5
  2041 | D:4      | Found a glowing drain.
  2057 | Sewer    | Entered a sewer
  2060 | Sewer    | Noticed Purgy
  2073 | Sewer    | Killed Purgy
  2074 | Sewer    | Reached skill level 6 in Unarmed Combat
  2074 | Sewer    | Reached XP level 7. HP: 58/66 MP: 6/6
  2336 | D:4      | Reached skill level 1 in Armour
  2726 | D:5      | Entered Level 5 of the Dungeon
  2823 | D:5      | Reached skill level 7 in Unarmed Combat
  3003 | D:5      | Reached XP level 8. HP: 74/74 MP: 7/7
  3110 | D:5      | Reached skill level 5 in Shields
  3155 | D:5      | Reached skill level 8 in Unarmed Combat
  3521 | D:6      | Reached XP level 9. HP: 80/80 MP: 8/8
  3551 | D:6      | Reached skill level 9 in Unarmed Combat
  3740 | D:7      | Found a staircase to the Ecumenical Temple.
  3750 | Temple   | Entered the Ecumenical Temple
  4040 | Temple   | Became a worshipper of Makhleb the Destroyer
  4096 | D:7      | Noticed Maggie
  4114 | D:7      | Killed Maggie
  4723 | D:6      | Reached skill level 10 in Unarmed Combat
  5182 | D:7      | Noticed Dowan
  5183 | D:7      | Noticed Duvessa
  5203 | D:7      | Killed Dowan
  5212 | D:7      | Killed Duvessa
  5241 | D:7      | Reached * piety under Makhleb
  5305 | D:7      | Found Neipn's Antique Weapon Emporium.
  5534 | D:8      | Found Cexott's Jewellery Shop.
  5585 | D:8      | Reached XP level 10. HP: 87/88 MP: 9/9
  5590 | D:8      | Reached skill level 5 in Armour
  5628 | D:8      | Reached skill level 11 in Unarmed Combat
  5870 | D:8      | Found Miusaoq's Jewellery Shoppe.
  5902 | D:8      | Found Huyfot's Book Boutique.
  6027 | D:8      | Found a staircase to the Lair.
  6338 | D:8      | Reached ** piety under Makhleb
  6399 | D:9      | Noticed Maurice
  6433 | D:9      | Killed Maurice
  6504 | D:9      | Reached skill level 12 in Unarmed Combat
  6542 | D:9      | Noticed a two-headed ogre
  6552 | D:9      | Killed a two-headed ogre
  6652 | D:9      | Found a runed translucent gate.
  6652 | D:9      | Found a runed translucent gate.
  6652 | D:9      | Found a runed translucent gate.
  6652 | D:9      | Noticed an 11-headed hydra
  6652 | D:9      | Noticed Caerwyn's ghost (novice TrMo)
  6769 | D:10     | Entered Level 10 of the Dungeon
  6783 | D:10     | Reached XP level 11. HP: 89/94 MP: 10/10
  6850 | D:10     | Reached skill level 1 in Invocations
  6880 | D:10     | Noticed a two-headed ogre
  6884 | D:10     | Killed a two-headed ogre
  6976 | D:10     | Found a staircase to the Orcish Mines.
  7211 | D:8      | Bought an amulet of faith for 440 gold pieces
  7350 | D:10     | Noticed a two-headed ogre
  7355 | D:10     | Killed a two-headed ogre
  7538 | D:10     | Found a basalt altar of Yredelemnul.
  7689 | D:11     | Noticed a two-headed ogre
  7694 | D:11     | Reached *** piety under Makhleb
  7695 | D:11     | Reached skill level 13 in Unarmed Combat
  7742 | D:10     | Killed a two-headed ogre
  7873 | D:11     | Noticed a two-headed ogre
  7925 | D:10     | Killed a two-headed ogre
  8514 | Lair:1   | Entered Level 1 of the Lair of Beasts
  8752 | Lair:1   | Reached XP level 12. HP: 101/104 MP: 13/13
  8811 | Lair:1   | Found an opulent altar of Gozag.
  8948 | Lair:1   | Reached **** piety under Makhleb
  8949 | Lair:1   | Reached skill level 14 in Unarmed Combat
  9405 | Lair:2   | Found a dark tunnel.
  9413 | Volcano  | Entered a volcano
  9610 | Volcano  | Noticed a fire dragon
  9625 | Volcano  | Killed a fire dragon
  9626 | Volcano  | Reached skill level 5 in Invocations
  9779 | Lair:2   | Found a basalt altar of Yredelemnul.
  9915 | Lair:2   | Noticed an eight-headed hydra
  9920 | Lair:2   | Killed an eight-headed hydra
  9922 | Lair:2   | Found a hole to the Spider Nest.
 10188 | Lair:2   | Reached skill level 5 in Throwing
 10188 | Lair:2   | Reached skill level 15 in Unarmed Combat
 10306 | Lair:2   | You fall into a shaft and drop 2 floors!
 10351 | Lair:4   | Reached XP level 13. HP: 108/114 MP: 16/16
 10474 | Lair:3   | Noticed Urug
 10487 | Lair:3   | Killed Urug
 10585 | Lair:3   | Reached ***** piety under Makhleb
 11206 | Lair:3   | Found a staircase to the Shoals.
 11359 | Lair:3   | Found a runed translucent gate.
 11359 | Lair:3   | Found a runed translucent gate.
 11384 | Lair:3   | Found a runed translucent gate.
 11613 | Lair:3   | Identified the +4 dagger "Hydraslayer" {vorpal, rElec Str+4
                  | Dex+2}
 12007 | Lair:3   | Noticed Igger's ghost (journeyman SpVM)
 12219 | Lair:3   | Reached skill level 16 in Unarmed Combat
 12441 | Lair:4   | HP: 5/117 [seven-headed hydra (7)]
 12442 | Lair:4   | Slain by a seven-headed hydra

Illustrated notes

Levels and vault maps discovered:
D:1:      tarquinn_simple_flora_water_f, layout_loops_cross,
          hangedman_decor_clover_reticule
D:2:      layout_loops_cross, minivault_26, chequers_serial_rivers_micro_b,
          uniq_robin
D:3:      layout_rooms
D:4:      layout_rooms, gup_sewer_entry_pipe, minmay_misc_feat_pillars,
          minmay_crystal_water, dk_noncrumbling_3,
          chequers_serial_rivers_room_a, minmay_misc_feat_hallway
D:5:      layout_basic, hangedman_decor_lopped
D:6:      layout_basic
D:7:      layout_loops_cross, minmay_temple_entry_hall, serial_shops,
          nicolae_shop_statue_plus, kennysheep_nondescript,
          grunt_decor_fettered, uniq_maggie, uniq_duvessa
D:8:      layout_loops_cross, lair_entry_dummy, serial_shops,
          nicolae_shop_crystal, kennysheep_mini, shop
D:9:      layout_big_octagon, gammafunk_ghost_hydra_chop, uniq_maurice
D:10:     cheibrodos_frozen_isle, layout_loops_ring, marbit_many_paths
D:11:     layout_basic, kennysheep_generic_room_11
Temple:   regret_index_temple_sigil_plot
Lair:1:   layout_regular_city, basic_altar, infiniplex_staircase_pool_2,
          lemuel_fruit_tree, grunt_megastairs_3
Lair:2:   layout_regular_city, spider_nest_entry_rubble,
          lightli_volcano_entry_magma_tube, lemuel_centaur_altar
Lair:3:   layout_gridlike, minmay_shoals_entry_centaurs,
          gammafunk_ghost_necromancy, gammafunk_lair_bear_cave, uniq_urug
Lair:4:   nzn_winding_woodlands_cross [nzn_winding_woodlands_5x15_pool,
          nzn_winding_woodlands_5x15_lazy_stream,
          nzn_winding_woodlands_5x15_crooked,
          nzn_winding_woodlands_5x15_pockets,
          nzn_winding_woodlands_15x15_thick_spiral], layout_cave_shapes,
          gammafunk_ghost_berserking_beasts

Skill      XL: |  1  2  3  4  5  6  7  8  9 10 11 12 13 |
---------------+----------------------------------------+-----
Unarmed Combat | 3 4 5 6 7 8 10 12 13 15 16 | 16.0
Shields        | 3 4 5 6 7 8 9 |  9.0
Throwing       | 1 2 5 6 |  6.4
Armour         | 1 3 4 6 7 |  7.1
Invocations    | 3 5 6 |  6.9
Fighting       | 3 4 |  4.9
Dodging        | |  2.4

Action                   |  1- 3 |  4- 6 |  7- 9 | 10-12 | 13-15 || total
-------------------------+-------+-------+-------+-------+-------++-------
Melee: Unarmed           |   116 |   178 |   380 |   618 |   196 ||  1488
Throw: Dart              |       |       |     1 |       |       ||     1
       Large rock        |       |       |       |     2 |     6 ||     8
Invok: Minor Destruction |       |       |       |    43 |    73 ||   116
       Lesser Servant of |       |       |       |     2 |     4 ||     6
       Major Destruction |       |       |       |     1 |     1 ||     2
  Use: Scroll            |       |       |       |    15 |     2 ||    17
       Potion            |       |       |       |       |     4 ||     4
 Stab: Distracted        |       |       |       |     1 |       ||     1
Armor: Robe              |    60 |     7 |       |       |       ||    67
       Animal skin       |       |    96 |       |       |       ||    96
       Troll leather arm |       |       |    97 |       |       ||    97
       Swamp dragon scal |       |       |    40 |   274 |   125 ||   439
       Skin              |       |       |     2 |       |       ||     2
Dodge: Dodged            |    55 |    62 |   124 |   227 |    65 ||   533
Block: Kite shield       |    37 |    88 |   122 |   285 |   109 ||   641

Table legend: (Time is in decaauts)
 A = Elapsed time spent in this place.
 B = Non-inter-level travel time spent in this place.
 C = Inter-level travel time spent in this place.
 D = Time resting spent in this place.
 E = Time spent auto-exploring this place.
 F = Levels seen in this place.
 G = Mean time per level.
                   A        B        C        D        E       F      G
               +--------+--------+--------+--------+--------+-----+--------+
         Total |  12354 |  11656 |    698 |    267 |   8032 |  18 |  686.3 |
       Dungeon |   8033 |   7480 |    553 |    187 |   5126 |  11 |  730.3 |
        Temple |    319 |    247 |     72 |      0 |    229 |   1 |  319.0 |
          Lair |   3548 |   3476 |     72 |     80 |   2465 |   4 |  887.0 |
         Sewer |    155 |    155 |      0 |      0 |     88 |   1 |  155.0 |
       Volcano |    296 |    296 |      0 |      0 |    124 |   1 |  296.0 |
               +--------+--------+--------+--------+--------+-----+--------+

Top non-repeatable levels by time:
  Lair:3: 1216 daAuts
    D:10: 1018 daAuts
  Lair:2: 994 daAuts
     D:8: 973 daAuts
     D:6: 874 daAuts
  Lair:1: 840 daAuts
     D:7: 764 daAuts
     D:1: 737 daAuts
     D:2: 705 daAuts
     D:5: 694 daAuts
     D:4: 653 daAuts
    D:11: 578 daAuts
     D:3: 521 daAuts
     D:9: 511 daAuts
  Lair:4: 497 daAuts
